 Dungeon Crawl Stone Soup version 0.23.2-40-g277498a001 (webtiles) character file.

Game seed: 6140357604394012614

90288 Amplified the Tortoise (level 16, -50/106 HPs)
             Began as a Gargoyle Gladiator on Oct 23, 2019.
             Was the Champion of Ru.
             Killed from afar by an Ice Fiend (54 damage)
             ... with a bolt of cold
             ... in an ice cave.
             The game lasted 00:46:55 (30232 turns).

Amplified the Tortoise (Gargoyle Gladiator)        Turns: 30232, Time: 00:46:56

Health: -50/106    AC: 34    Str: 27    XL:     16   Next: 0%
Magic:  8/16       EV: 21    Int: 17    God:    Ru [******]
Gold:   434        SH:  9    Dex: 15    Spells: 10/15 levels left

rFire    + . .     SeeInvis +   y - +1 broad axe (chop)
rCold    . . .     Gourm    .   W - +0 buckler {reflect}
rNeg     + + .     Faith    .   d - +2 ring mail {rF+}
rPois    ∞         Spirit   .   K - +2 hat
rElec    +         Reflect  +   q - +0 cloak of Fortification {rC+ SInv}
rCorr    .         Harm     .   u - +2 pair of gloves
MR       ++...                  H - +2 pair of boots of the Ecumenical Temple {rPois}
Stlth    +.........             R - amulet of the acrobat
HPRegen  0.27/turn              e - ring "Weuqow" {EV+6 Str+4 Int+3 Dex+4}
MPRegen  0.15/turn              V - ring "Bazeh" {+Fly rF+ rN+ MR+ Int+3}

@: exhausted, flying, drained
A: antennae 1, big wings, talons 1, large bone plates 1, negative energy
resistance 1, electricity resistance, unbreathing, petrification resistance, rot
immunity, unskilled 1, inexperienced 1, temperature sensitive, AC +12
a: Stop Flying, Draw Out Power, Power Leap, Apocalypse, Renounce Religion


You were in an ice cave.
You worshipped Ru.
Ru was exalted by your worship.
You were full.

You visited 5 branches of the dungeon, and saw 27 of its levels.
You also visited: Bailey and Ice Cave.

You collected 2978 gold pieces.
You spent 2544 gold pieces at shops.

Inventory:

Hand Weapons
 o - a +1 whip of flaming
 y - a +1 broad axe of chopping (weapon)
Missiles
 j - 141 poisoned needles
 p - 5 needles of sleeping
 O - a throwing net (quivered)
Armour
 d - a +2 ring mail of fire resistance (worn)
 q - the +0 cloak of Fortification (worn) {rC+ SInv}
   (You bought it in a shop on level 11 of the Dungeon)

   It protects you from cold.
   It lets you see invisible.
 u - a +2 pair of gloves (worn)
 H - the +2 pair of boots of the Ecumenical Temple (worn) {rPois}
   (You found it on level 9 of the Dungeon)

   It protects you from poison.
 K - a +2 hat (worn)
 W - a +0 buckler of reflection (worn)
Jewellery
 c - an uncursed ring of protection from fire
 e - the ring "Weuqow" (left hand) {EV+6 Str+4 Int+3 Dex+4}
   (You found it on level 11 of the Dungeon)

   [ring of evasion]

   It affects your evasion (+6).
   It affects your strength (+4).
   It affects your intelligence (+3).
   It affects your dexterity (+4).
 l - an uncursed ring of resist corrosion
 t - the ring "Locat" {rF+ Int+2}
   (You found it on level 6 of the Lair of Beasts)

   [ring of protection from fire]

   It affects your intelligence (+2).
   It protects you from fire.
 B - the ring of Sovereignty {rCorr MR+}
   (You bought it in a shop on level 11 of the Dungeon)

   [ring of resist corrosion]

   It affects your resistance to hostile enchantments.
 F - the ring "Jiras" {rF+ MR+}
   (You found it on level 8 of the Dungeon)

   [ring of protection from magic]

   It protects you from fire.
   It affects your resistance to hostile enchantments.
 I - an uncursed ring of protection from magic
 R - an amulet of the acrobat (around neck)
 S - a +5 amulet of reflection
 V - the ring "Bazeh" (right hand) {+Fly rF+ rN+ MR+ Int+3}
   (You bought it in a shop on level 2 of the Orcish Mines)

   [ring of protection from magic]

   It affects your intelligence (+3).
   It protects you from fire.
   It protects you from negative energy.
   It affects your resistance to hostile enchantments.
   It lets you fly.
Wands
 k - a wand of flame (54)
 r - a wand of paralysis (11)
 x - a wand of digging (11)
 D - a wand of clouds (1)
 E - a wand of polymorph (18)
 J - a wand of enslavement (9)
 M - a wand of acid (22)
 N - a wand of iceblast (3)
Scrolls
 g - 4 scrolls of fog
 i - 5 scrolls of fear
 m - a scroll of enchant weapon
 n - 7 scrolls of remove curse
 s - a scroll of amnesia
 w - 7 scrolls of teleportation
 Q - a scroll of identify
 T - a scroll of magic mapping
Potions
 a - 5 potions of brilliance
 b - 2 potions of magic
 h - 4 potions of cancellation
 v - 3 potions of mutation
 A - a potion of lignification
 C - 3 potions of curing
 L - 3 potions of ambrosia
 X - a potion of berserk rage
Miscellaneous
 z - a phantom mirror
 P - a fan of gales
Comestibles
 f - 23 rations


   Skills:
 + Level 14.3(12.8) Fighting
 * Level 15.0(13.8) Axes
 - Level 5.9(10.8) Maces & Flails
 - Level 1.5(0.5) Throwing
 * Level 18.6(17.0) Armour
 - Level 8.0(6.7) Dodging
 - Level 4.1(3.0) Shields


You had 10 spell levels left.
You knew the following spells:

 Your Spells              Type           Power        Failure   Level  Hunger
a - Spectral Weapon       Hex/Chrm       #.......     71%         3    ####...
b - Apportation           Tloc           #.....       34%         1    ##.....
c - Confusing Touch       Hex            #.....       34%         1    ##.....

Your spell library contained the following spells:

 Spells                   Type           Power        Failure   Level  Hunger
 Animate Skeleton         Necr           N/A          34%         1    ##.....
 Corona                   Hex            #......      34%         1    ##.....
 Infusion                 Chrm           #...         34%         1    ##.....
 Magic Dart               Conj           #...         34%         1    ##.....
 Pain                     Necr           #...         34%         1    ##.....
 Summon Small Mammal      Summ           #...         34%         1    ##.....
 Corpse Rot               Necr           N/A          45%         2    ###....
 Ensorcelled Hibernation  Hex/Ice        #.....       45%         2    ###....
 Searing Ray              Conj           #.....       45%         2    ###....
 Shroud of Golubria       Chrm/Tloc      #.........   45%         2    ###....
 Song of Slaying          Chrm           #.......     45%         2    ###....
 Confuse                  Hex            #.......     71%         3    ####...
 Dazzling Spray           Conj/Hex       #.....       71%         3    ####...
 Gell's Gravitas          Tloc           #.........   71%         3    ####...
 Regeneration             Chrm/Necr      #.........   71%         3    ####...
 Tukima's Dance           Hex            #.......     71%         3    ####...
 Vampiric Draining        Necr           #.........   71%         3    ####...
 Animate Dead             Necr           N/A          98%         4    #####..
 Force Lance              Conj/Tloc      #.......     98%         4    #####..
 Fulminant Prism          Conj/Hex       #.........   98%         4    #####..
 Iskenderun's Mystic Bla  Conj           #.......     98%         4    #####..
 Petrify                  Tmut/Erth      #.......     98%         4    #####..
 Agony                    Necr           #.......     100%        5    ######.
 Bolt of Draining         Conj/Necr      #.........   100%        5    ######.
 Dispel Undead            Necr           #.......     100%        5    ######.
 Excruciating Wounds      Chrm/Necr      #.........   100%        5    ######.
 Metabolic Englaciation   Hex/Ice        #.........   100%        5    ######.
 Yara's Violent Unravell  Hex/Tmut       #.........   100%        5    ######.
 Sublimation of Blood     Necr           Unusable     N/A         2    N/A

Dungeon Overview and Level Annotations

Branches:
Dungeon (15/15)            Temple (1/1) D:7            Lair (6/6) D:9
  Swamp (0/4) Lair:2        Snake (3/4) Lair:2        Slime (0/5) Lair:5
    Orc (2/2) D:12            Elf (0/3) Orc:2        Vaults (0/5) D:14
 Depths (0/5) D:15

Altars:
Ashenzari
Cheibriados
Dithmenos
Elyvilon
Fedhas
Gozag
Hepliaklqana
Kikubaaqudgha
Makhleb
Nemelex Xobeh
Okawaru
Qazlal
Ru
Sif Muna
Trog
Uskayaw
Vehumet
Wu Jian
Xom
Yredelemnul
Zin
The Shining One
Beogh
Jiyva

Shops:
D:11 ![=}}   D:12 (   Orc:1 !   Orc:2 [=*?   Snake:2 (

Annotations:
Lair:5 2 transporters, 1 runed translucent door, Bolunijamo's ghost, journeyman GnFi
Snake:1 2 runed translucent doors, Jol Kept's ghost, adept FoFi
Orc:1 2 runed translucent doors, exclusion: oklob plant, serch's ghost, novice MiFi


Innate Abilities, Weirdness & Mutations

You are resistant to torment.
Your stone body is resilient. (AC +12)
You are immune to poison.
Your large and strong wings let you fly indefinitely.
You resist negative energy. (rN+)
You are resistant to electric shocks. (rElec)
You can survive without breathing.
You are immune to petrification.
You are immune to rotting.
You are somewhat unskilled. (-1 Apt)
You are somewhat inexperienced. (-2 XL)
You are sensitive to extremes of temperature. (rF-, rC-)
You have a pair of small antennae on your head.
You have sharp toenails.
You are partially covered in large bone plates. (SH +4)


Message History

You have reached level 16!
You feel clever.
The bolt of acid hits the Ice Fiend!
The Ice Fiend is splashed with acid.
The acid corrodes the Ice Fiend!
The Ice Fiend is almost dead.
You are engulfed in freezing vapours.
* * * LOW HITPOINT WARNING * * *
Unknown command.
Unknown command.
Evoke which item? (* to show all) (? for menu, Esc to quit)
Aiming: Corrosive Bolt
Press: ? - help, Shift-Dir - straight line, f/p - Ice Fiend
Aim: an Ice Fiend (freezing vapour, almost dead, covered in acid)
The bolt of acid hits the Ice Fiend.
The Ice Fiend is splashed with acid.
The acid corrodes the Ice Fiend!
The Ice Fiend is almost dead.
The Ice Fiend gestures at you. The bolt of cold hits you!!!
Ouch! That really hurt!
You die...

###≈≈≈#≈≈≈##.##
#≈≈≈#≈≈≈≈≈#..# ##
≈≈≈≈#≈#≈≈##.## .#
≈##≈≈≈≈≈≈≈#.###.#
≈##≈≈#≈≈≈≈##.#.##
###≈≈≈≈##≈≈#..°°#
# #≈≈≈≈###≈##.#.#
###≈## #≈≈###.##
#≈## #≈≈≈###@#
### #≈≈≈≈##1#
#≈≈≈≈#°°#
##≈≈≈#.##
#≈≈≈#.## #≈≈≈##☼#
##≈≈##.# #≈##.1#
###..##


You could see an Ice Fiend.

Vanquished Creatures
  Nikola (Snake:2)
  An orc warlord (Orc:2)
  Josephine (D:11)
  An ogre mage (D:15)
  A rakshasa (D:15)
  10 hydras
  Erolcha (D:11)
  Fannar (D:10)
  A naga warrior (Snake:1)
  A catoblepas (D:13)
  4 vault guards (D:14)
  A death knight (D:11)
  4 anacondas
  11 two-headed ogres
  A tengu warrior (D:15)
  3 death yaks (Lair:5)
  2 naga sharpshooters
  Urug (Lair:3)
  5 orc high priests (Orc:2)
  Nergalle (D:11)
  6 shock serpents
  An unseen horror (D:11)
  A naga ritualist (Snake:2)
  A wizard (D:14)
  A glowing orange brain (D:15)
  2 deep elf archers (D:14)
  6 orc knights
  A deep elf mage (D:15)
  5 mana vipers
  15 ugly things
  4 orc sorcerers (Orc:2)
  2 cyclopes
  A manticore (D:13)
  2 elephants (Lair:6)
  3 salamanders
  21 black mambas
  8 naga magi
  An ice statue (IceCv)
  A torpor snail (Lair:4)
  2 gargoyles
  14 spiny frogs
  A rime drake (Lair:6)
  12 komodo dragons
  9 freezing wraiths
  4 anaconda simulacra (IceCv)
  5 kobold demonologists
  4 tengu conjurers
  A golden dragon simulacrum (IceCv)
  6 ice devils (IceCv)
  6 trolls
  6 polar bears
  5 hornets
  7 slime creatures
  23 blink frogs
  9 hippogriffs
  A raiju (shapeshifter) (D:15)
  8 dream sheep
  31 yaks
  Sigmund (D:2)
  2 dire elephant simulacra (IceCv)
  9 spriggans (Lair:6)
  4 wyverns
  7 wraiths
  A hungry ghost (D:7)
  3 basilisks
  2 steam dragons
  Menkaure (D:5)
  2 vampire mosquitoes (D:13)
  An acid dragon (D:11)
  A warg (Orc:2)
  16 nagas
  4 harpy simulacra (IceCv)
  5 soldier ants
  8 water moccasins
  2 hydra simulacra (IceCv)
  Duvessa (D:5)
  48 orc warriors
  6 porcupines
  6 black bears
  An alligator simulacrum (IceCv)
  8 ogres
  4 ice beasts
  3 sky beasts
  An eye of draining (shapeshifter) (D:15)
  An eye of draining (D:11)
  5 boggarts (Lair:6)
  2 phantoms
  A necrophage (D:7)
  22 wolves
  11 centaurs
  13 crocodiles
  8 big kobolds
  23 bullfrogs
  Dowan (D:5)
  7 scorpions
  2 wyvern skeletons
  A swamp dragon simulacrum (IceCv)
  6 killer bees
  10 wights
  2 vampire bats (Lair:4)
  6 electric eels
  5 howler monkeys
  7 crimson imps
  A quasit (D:10)
  3 centaur zombies
  5 draconian simulacra (IceCv)
  A bullfrog zombie (D:10)
  7 jellies
  35 orc priests
  12 centaur skeletons
  5 hounds
  20 orc wizards
  A bullfrog skeleton (D:4)
  Terence (D:1)
  7 iguanas
  7 worker ants
  6 hell rats (Lair:5)
  A troll simulacrum (IceCv)
  A wolf simulacrum (IceCv)
  A spriggan simulacrum (IceCv)
  11 adders
  15 gnolls
  3 ogre simulacra (IceCv)
  A naga simulacrum (IceCv)
  4 shadow imps
  6 white imps (IceCv)
  4 ufetubi (IceCv)
  5 oozes (D:9)
  2 adder zombies
  3 worms
  3 dart slugs
  11 leopard geckos
  130 orcs
  6 giant cockroaches
  9 goblins
  7 hobgoblins
  44 kobolds
  7 quokkas
  A ball python (D:3)
  15 bats
  3 frilled lizards
  2 quokka skeletons
  A quokka zombie (D:7)
  8 rats
  5 fungi
  2 plants
990 creatures vanquished.

Vanquished Creatures (others)
  A two-headed ogre (D:13)
  A tengu warrior (D:13)
  A naga sharpshooter (Snake:2)
  A cyclops (shapeshifter) (D:14)
  An elephant (Lair:6)
  A golden dragon simulacrum (IceCv)
  A dire elephant simulacrum (IceCv)
  A vampire (D:15)
  2 orc warriors (Bailey)
  An orc priest (D:4)
  An orc wizard (D:4)
  2 orcs
  A fungus (Lair:2)
  4 plants
19 creatures vanquished.

Grand Total: 1009 creatures vanquished

Notes
Turn   | Place    | Note
-------+----------+-------------------------------------------
     0 | D:1      | Amplified the Gargoyle Gladiator began the quest for the
                  | Orb.
     0 | D:1      | Reached XP level 1. HP: 12/12 MP: 1/1
    98 | D:1      | Reached XP level 2. HP: 12/18 MP: 2/2
   627 | D:1      | Reached XP level 3. HP: 22/22 MP: 3/3
  1076 | D:2      | Noticed Sigmund
  1076 | D:2      | Noticed Terence
  1109 | D:1      | Killed Terence
  1181 | D:2      | Reached XP level 4. HP: 28/28 MP: 4/4
  1314 | D:2      | Noticed an orc warrior
  1821 | D:3      | Reached XP level 5. HP: 21/33 MP: 5/5
  2095 | D:3      | Gained mutation: You have a pair of small antennae on your
                  | head. [potion of mutation]
  2095 | D:3      | Gained mutation: You are partially covered in large bone
                  | plates. (SH +4) [potion of mutation]
  2095 | D:3      | Gained mutation: You have sharp toenails. [potion of
                  | mutation]
  2588 | D:3      | Found an ancient bone altar of Kikubaaqudgha.
  3368 | D:4      | Reached XP level 6. HP: 23/39 MP: 6/6
  3548 | D:4      | Reached skill level 5 in Fighting
  3548 | D:4      | Reached skill level 5 in Maces & Flails
  3929 | D:4      | Found a transporter.
  3932 | D:4      | Found a transporter.
  4601 | D:5      | Entered Level 5 of the Dungeon
  4692 | D:5      | Reached XP level 7. HP: 29/44 MP: 7/7
  4698 | D:5      | Reached skill level 1 in Armour
  4751 | D:5      | Noticed Duvessa
  5037 | D:5      | Noticed Dowan
  5047 | D:5      | Killed Duvessa
  5047 | D:5      | Reached skill level 2 in Armour
  5052 | D:5      | Killed Dowan
  5145 | D:5      | Noticed Menkaure
  5154 | D:5      | Killed Menkaure
  5154 | D:5      | Reached XP level 8. HP: 29/52 MP: 8/8
  5635 | D:5      | Reached skill level 1 in Axes
  5640 | D:5      | Reached skill level 3 in Armour
  6395 | D:2      | Killed Sigmund
  6395 | D:2      | Reached skill level 4 in Armour
  6395 | D:2      | Reached XP level 9. HP: 52/59 MP: 9/9
  7124 | D:6      | Identified a scroll of acquirement
  7666 | D:7      | Found a staircase to the Ecumenical Temple.
  7736 | Temple   | Entered the Ecumenical Temple
  7982 | Temple   | Became a worshipper of Ru the Awakened
  8026 | D:7      | Reached skill level 5 in Armour
  8142 | D:7      | Reached skill level 5 in Axes
  9086 | D:8      | Got a twitching marble ring
  9090 | D:8      | Identified the ring "Jiras" {rF+ MR+} (You found it on
                  | level 8 of the Dungeon)
  9330 | D:8      | Reached skill level 6 in Armour
  9330 | D:8      | Reached XP level 10. HP: 66/66 MP: 10/10
  9581 | D:9      | Got a pair of faintly glowing boots
  9582 | D:9      | Identified the +2 pair of boots of the Ecumenical Temple
                  | {rPois} (You found it on level 9 of the Dungeon)
 10279 | D:9      | Found a staircase to the Lair.
 10660 | D:10     | Entered Level 10 of the Dungeon
 10703 | D:10     | Noticed a red ugly thing
 10728 | D:11     | Reached skill level 10 in Fighting
 10733 | D:11     | Found Konatu's Gadget Emporium.
 10799 | D:11     | Killed an unseen horror
 10799 | D:11     | Reached skill level 5 in Dodging
 10805 | D:11     | Found Douhup's Distillery.
 10835 | D:11     | Noticed Nergalle
 10838 | D:11     | Noticed an eight-headed hydra
 10855 | D:11     | Killed Nergalle
 10855 | D:11     | Reached XP level 11. HP: 71/72 MP: 11/11
 10862 | D:11     | Killed an eight-headed hydra
 10932 | D:11     | Noticed a two-headed ogre
 10959 | D:11     | Killed a two-headed ogre
 11177 | D:11     | Got a steaming jade ring
 11206 | D:11     | Identified the ring "Weuqow" {EV+6 Str+4 Int+3 Dex+4} (You
                  | found it on level 11 of the Dungeon)
 11322 | D:11     | Noticed Josephine
 11323 | D:11     | Noticed a cyclops
 11341 | D:11     | Killed Josephine
 11368 | D:11     | Killed a cyclops
 11375 | D:11     | Found Aqioxt's Gadget Emporium.
 11419 | D:11     | Noticed a death knight
 11439 | D:11     | Killed a death knight
 11620 | D:11     | Noticed Erolcha
 11627 | D:11     | Killed Erolcha
 11665 | D:11     | Found Opixte's Jewellery Shoppe.
 11673 | D:11     | Bought the ring of Sovereignty {rCorr MR+} for 391 gold
                  | pieces
 11673 | D:11     | Bought a +3 amulet of reflection for 188 gold pieces
 11699 | D:11     | Found Xuwetysa's Armour Shop.
 11780 | D:11     | Reached XP level 12. HP: 46/80 MP: 12/12
 11781 | D:11     | Reached skill level 10 in Axes
 12290 | D:12     | Found a staircase to the Orcish Mines.
 12421 | D:12     | Noticed a two-headed ogre
 12431 | D:12     | Killed a two-headed ogre
 12586 | D:12     | Found Oxitan's Antique Weapon Emporium.
 12893 | Orc:1    | Entered Level 1 of the Orcish Mines
 12994 | Orc:1    | Found a flagged portal.
 13008 | Bailey   | Entered a bailey
 13439 | Orc:1    | Found Unogu's Distillery.
 13447 | Orc:1    | Bought a potion of curing for 39 gold pieces
 13447 | Orc:1    | Bought a potion of heal wounds for 65 gold pieces
 13447 | Orc:1    | Bought a potion of curing for 39 gold pieces
 13447 | Orc:1    | Bought a potion of mutation for 104 gold pieces
 13448 | Orc:1    | Found a roughly hewn altar of Beogh.
 13683 | Orc:1    | Found a large runed translucent door.
 13684 | Orc:1    | Found a large runed translucent door.
 13687 | Orc:1    | Noticed serch's ghost (novice MiFi)
 14201 | D:11     | Bought the +0 cloak of Fortification {rC+ SInv} for 249
                  | gold pieces
 14314 | D:11     | Reached skill level 7 in Armour
 14543 | D:10     | Reached skill level 8 in Armour
 14556 | D:10     | Noticed Fannar
 14560 | D:10     | Noticed a six-headed hydra
 14604 | D:10     | Killed a six-headed hydra
 14631 | D:10     | Killed Fannar
 14631 | D:10     | Reached skill level 9 in Armour
 14631 | D:10     | Reached XP level 13. HP: 62/86 MP: 13/13
 14834 | D:10     | Reached skill level 10 in Armour
 15323 | Lair:1   | Entered Level 1 of the Lair of Beasts
 15854 | Lair:1   | Reached skill level 11 in Armour
 16307 | Lair:2   | Reached skill level 12 in Armour
 16475 | Lair:2   | Found a staircase to the Swamp.
 16556 | Lair:2   | Found a staircase to the Snake Pit.
 16830 | Lair:3   | Noticed Urug
 17092 | Lair:3   | Killed Urug
 17135 | Lair:3   | Reached skill level 13 in Armour
 17457 | Lair:3   | Gained mutation: Your large and strong wings let you fly
                  | indefinitely. [Gargoyle growth]
 17457 | Lair:3   | Reached XP level 14. HP: 93/94 MP: 14/14
 17838 | Lair:3   | Got a brightly glowing scale mail
 17839 | Lair:3   | Identified the +3 scale mail of Compression {*Slow rElec
                  | Dex+2} (You found it on level 3 of the Lair of Beasts)
 18061 | Lair:4   | Found a snail-covered altar of Cheibriados.
 18392 | Lair:4   | Reached skill level 14 in Armour
 18834 | Lair:5   | Gained mutation: You are sensitive to extremes of
                  | temperature. (rF-, rC-) [Ru sacrifice]
 18834 | Lair:5   | Reached * piety under Ru
 18834 | Lair:5   | Reached ** piety under Ru
 19072 | Lair:5   | Found a transporter.
 19074 | Lair:5   | Found a transporter.
 19074 | Lair:5   | Noticed Bolunijamo's ghost (journeyman GnFi)
 19249 | Lair:5   | Found a runed translucent door.
 19250 | Lair:5   | Found a viscous altar of Jiyva.
 19251 | Lair:5   | Noticed an acid blob
 19270 | Lair:5   | Noticed an acid blob
 19271 | Lair:5   | Found a staircase to the Slime Pits.
 19297 | Lair:6   | Entered Level 6 of the Lair of Beasts
 19501 | Lair:6   | Reached skill level 15 in Armour
 19709 | Lair:6   | Gained mutation: You are somewhat unskilled. (-1 Apt) [Ru
                  | sacrifice]
 19709 | Lair:6   | Reduced skill Maces & Flails to level 5
 19709 | Lair:6   | Reduced skill Armour to level 14
 19709 | Lair:6   | Reached *** piety under Ru
 19709 | Lair:6   | Reached **** piety under Ru
 19941 | Lair:6   | Got a scintillating silver ring
 19957 | Lair:6   | Identified the ring "Locat" {rF+ Int+2} (You found it on
                  | level 6 of the Lair of Beasts)
 20204 | Lair:6   | Reached skill level 15 in Armour
 20255 | Lair:6   | Reached XP level 15. HP: 94/97 MP: 15/15
 20611 | Orc:2    | Entered Level 2 of the Orcish Mines
 20910 | Orc:2    | Found a staircase to the Elven Halls.
 21371 | Orc:2    | Gained mutation: You are somewhat inexperienced. (-2 XL)
                  | [Ru sacrifice]
 21371 | Orc:2    | Reached XP level 14. HP: 71/94 MP: 14/14
 21371 | Orc:2    | Reached XP level 13. HP: 71/88 MP: 13/13
 21371 | Orc:2    | Reached ***** piety under Ru
 21371 | Orc:2    | Reached ****** piety under Ru
 21455 | Orc:2    | Found a roughly hewn altar of Beogh.
 21560 | Orc:2    | Found Unoukigg's Magic Scroll Boutique.
 21577 | Orc:2    | Bought a scroll of brand weapon for 280 gold pieces
 21577 | Orc:2    | Bought a scroll of blinking for 105 gold pieces
 21577 | Orc:2    | Bought a scroll of fear for 49 gold pieces
 21577 | Orc:2    | Bought a scroll of enchant armour for 105 gold pieces
 21583 | Orc:2    | Found Nirualef's General Store.
 21600 | Orc:2    | Bought a scroll of enchant armour for 105 gold pieces
 21914 | Orc:2    | Noticed an orc warlord
 21957 | Orc:2    | Killed an orc warlord
 21957 | Orc:2    | Reached skill level 16 in Armour
 21980 | Orc:2    | Found a roughly hewn altar of Beogh.
 22202 | Orc:2    | Found Mutiet's Jewellery Shop.
 22220 | Orc:2    | Bought the ring "Bazeh" {+Fly rF+ rN+ MR+ Int+3} for 825
                  | gold pieces
 22243 | Orc:2    | Found Giapn's Armour Emporium.
 23172 | D:13     | Reached XP level 14. HP: 94/94 MP: 14/14
 23991 | D:14     | Reached skill level 1 in Shields
 24402 | D:15     | Entered Level 15 of the Dungeon
 24814 | D:15     | Reached skill level 17 in Armour
 26104 | D:14     | Found a gate to the Vaults.
 26512 | D:15     | Reached XP level 15. HP: 88/100 MP: 15/15
 26627 | D:15     | Found a staircase to the Depths.
 26867 | Snake:1  | Entered Level 1 of the Snake Pit
 26890 | Snake:1  | Learned a level 3 spell: Spectral Weapon
 26892 | Snake:1  | Learned a level 1 spell: Apportation
 26894 | Snake:1  | Learned a level 1 spell: Confusing Touch
 27123 | Snake:1  | Reached skill level 18 in Armour
 27528 | Snake:1  | Found a large runed translucent door.
 27529 | Snake:1  | Found a large runed translucent door.
 27530 | Snake:1  | Noticed Jol Kept's ghost (adept FoFi)
 27888 | Snake:2  | Noticed Nikola
 27901 | Snake:2  | Killed Nikola
 28558 | Snake:2  | Found Nekkof's Antique Weapon Shop.
 29178 | Snake:3  | Found a frozen archway.
 29184 | IceCv    | Entered an ice cave
 29512 | IceCv    | HP: 5/100 [golden dragon simulacrum (38)]
 29515 | IceCv    | Reached skill level 15 in Axes
 30218 | IceCv    | Noticed an Ice Fiend
 30231 | IceCv    | Reached XP level 16. HP: 16/106 MP: 8/16
 30231 | IceCv    | HP: 4/106 [something (12)]
 30232 | IceCv    | Killed from afar by an Ice Fiend

Skill      XL: |  1  2  3  4  5  6  7  8  9 10 11 12 13 14 15 |
---------------+----------------------------------------------+-----
Fighting       | 3 4 5 6 8 9 10 11 12 13 12 14 | 14.3
Maces & Flails | 4 5 6 5 |  5.9
Dodging        | 3 5 7 8 |  8.0
Armour         | 2 4 6 9 16 17 18 | 18.6
Axes           | 3 6 8 9 11 12 14 15 | 15.0
Shields        | 4 |  4.1
Throwing       | |  1.5

Action                   |  1- 3 |  4- 6 |  7- 9 | 10-12 | 13-15 | 16-18 || total
-------------------------+-------+-------+-------+-------+-------+-------++-------
Melee: Flail             |    94 |    69 |       |       |       |       ||   163
       Whip              |       |   238 |   113 |    41 |    82 |       ||   474
       Hand axe          |       |       |   150 |       |       |       ||   150
       Broad axe         |       |       |   171 |   671 |  2217 |       ||  3059
Throw: Throwing net      |     3 |     2 |     2 |       |       |       ||     7
Invok: Reject Sacrifices |       |       |     1 |     1 |       |       ||     2
       Power Leap        |       |       |       |       |     2 |       ||     2
       Draw Out Power    |       |       |       |       |     4 |       ||     4
       Sacrifice Experie |       |       |       |       |     1 |       ||     1
       Sacrifice Skill   |       |       |       |       |     1 |       ||     1
       Sacrifice Resista |       |       |       |       |     1 |       ||     1
       Apocalypse        |       |       |       |       |     1 |       ||     1
 Abil: Fly               |       |       |       |       |     1 |       ||     1
Evoke: Wand              |       |       |       |    34 |    13 |     2 ||    49
  Use: Scroll            |     4 |     8 |    10 |     9 |    24 |       ||    55
       Potion            |     2 |     6 |     7 |     8 |     5 |       ||    28
 Stab: Sleeping          |     1 |       |       |       |       |       ||     1
       Held in net/web   |     1 |     1 |     1 |       |       |       ||     3
       Invisible         |       |     1 |       |       |    11 |       ||    12
       Paralysed         |       |       |       |       |     6 |       ||     6
       Distracted        |       |       |       |       |     6 |       ||     6
       Confused          |       |       |       |       |     4 |       ||     4
  Eat: Chunk             |     1 |     9 |     5 |    11 |    20 |       ||    46
       Ration            |       |     2 |     4 |     2 |    11 |       ||    19
Armor: Leather armour    |    35 |       |       |       |       |       ||    35
       Ring mail         |     5 |       |       |       |   637 |       ||   642
       Scale mail        |       |   125 |   208 |   292 |    61 |       ||   686
       Skin              |       |       |     5 |       |       |       ||     5
Dodge: Dodged            |    87 |   149 |   194 |   557 |  1490 |       ||  2477
Block: Other             |       |    32 |    49 |   185 |   513 |       ||   779
       Reflection        |       |       |       |    13 |    30 |       ||    43
       Buckler           |       |       |       |       |   309 |       ||   309
